 Dungeon Crawl Stone Soup version 0.28.0-45-g0d030f2227 (webtiles) character file.

Game seed: 8918604577018181621

4472 Zeld the Zephyrmancer (level 10, -11/59 HPs)
             Began as a Tengu Air Elementalist on Apr 6, 2022.
             Was an Initiate of Vehumet.
             Mangled by a white ugly thing (14 damage)
             ... on level 8 of the Dungeon.
             The game lasted 00:13:29 (13640 turns).

Zeld the Zephyrmancer (Tengu Air Elementalist)     Turns: 13640, Time: 00:13:30

Health: -11/59     AC:  2    Str:  9    XL:     10   Next: 38%
Magic:  0/23       EV: 15    Int: 20    God:    Vehumet [......]
Gold:   58         SH:  0    Dex: 14    Spells: 15/25 levels left

rFire   . . .      SeeInvis .   a - +5 trident of Chaos {freeze, rN+}
rCold   . . .      Faith    .   (no shield)
rNeg    + . .      Spirit   .   s - +0 robe
rPois   .          Reflect  .   (helmet restricted)
rElec   .          Harm     .   (no cloak)
rCorr   .          Rampage  .   (no gloves)
Will    +....                   (boots unavailable)
Stlth   ++........              (no amulet)
HPRegen 0.19/turn               d - ring of willpower
MPRegen 0.18/turn               (no ring)

@: flying quickly and evasively, quick
A: beak, talons 3, nimble flight
a: Renounce Religion


You were on level 8 of the Dungeon.
You worshipped Vehumet.
Vehumet was noncommittal.
You visited 2 branches of the dungeon, and saw 9 of its levels.

You collected 335 gold pieces.
You spent 277 gold pieces at shops.

Inventory:

Hand Weapons
 a - the +5 trident of Chaos (weapon) {freeze, rN+}
   (You bought it in a shop on level 3 of the Dungeon)

   It freezes those it strikes, dealing additional cold damage.
   It can also slow down cold-blooded creatures.
   rN:        It protects you from negative energy.
Armour
 s - a +0 robe (worn)
Jewellery
 d - a ring of willpower (left hand)
Wands
 n - a wand of flame (24)
 r - a wand of digging (2)
Scrolls
 b - a scroll of identify
 e - a scroll of teleportation
 h - 3 scrolls of enchant armour
 i - a scroll of holy word
 k - a scroll of silence
Potions
 c - 2 potions of heal wounds {unknown}
 f - 3 potions of curing {unknown}
 j - a potion of might {unknown}
 l - a potion of lignification {unknown}
 m - a potion of resistance {unknown}
 o - a potion of degeneration {unknown}
 p - a potion of haste {unknown}


   Skills:
 - Level 5.0 Fighting
 * Level 2.0 Polearms
 - Level 3.0 Dodging
 - Level 3.0 Stealth
 * Level 8.2 Spellcasting
 + Level 7.9 Conjurations
 * Level 11.1 Air Magic
 + Level 2.5 Evocations


You had 15 spell levels left.
You knew the following spells:

 Your Spells              Type           Power      Damage    Failure   Level
a - Shock                 Conj/Air       100%       1d9       1%          1
b - Static Discharge      Conj/Air       46%        N/A       1%          2
c - Swiftness             Air            51%        N/A       1%          3
d - Airstrike             Air            25%        N/A       1%          4

Your spell library contained the following spells:

 Spells                   Type           Power      Damage    Failure   Level
 Summon Small Mammal      Summ           32%        N/A       9%          1
 Blink                    Tloc           16%        N/A       13%         2
 Call Canine Familiar     Summ           8%         N/A       26%         3
 Summon Guardian Golem    Hex/Summ       8%         N/A       26%         3
 Conjure Ball Lightning   Conj/Air       23%        3x3d6     26%         6
 Manifold Assault         Tloc           8%         N/A       93%         5
 Storm Form               Tmut/Air       15%        N/A       100%        7
 Discord                  Hex            4%         N/A       100%        8
 Disjunction              Tloc           4%         N/A       100%        8


Dungeon Overview and Level Annotations

Branches:
Dungeon (8/15)             Temple (1/1) D:7
   Lair: D:8-11

Altars:
Ashenzari
Cheibriados
Dithmenos
Elyvilon
Fedhas
Gozag
Hepliaklqana
Kikubaaqudgha
Makhleb
Nemelex Xobeh
Okawaru
Qazlal
Ru
Sif Muna
Trog
Uskayaw
Vehumet
Wu Jian
Xom
Yredelemnul
Zin
The Shining One

Shops:
D:2 (?(   D:3 *(

Annotations:
D:4 exclusion: door


Innate Abilities, Weirdness & Mutations

You have a beak for a mouth.
You have claws for feet.
Your magical nature lets you fly swiftly and evasively.


Message History

The air twists around and strikes the white ugly thing!
The white ugly thing is moderately wounded.
Unknown command.
Casting: Airstrike (dangerous; 1% risk of failure)
Confirm with . or Enter, or press ? or * to list all spells.
Aiming: Airstrike (dangerous; 1% risk of failure)
Press: ? - help, Dir - move target, f/p - white ugly thing
Aim: a white ugly thing (moderately wounded, empty space bonus: 3/8)
The air twists around and strikes the white ugly thing!
The white ugly thing is heavily wounded.
Unknown command.
Casting: Airstrike (dangerous; 1% risk of failure)
Confirm with . or Enter, or press ? or * to list all spells.
Aiming: Airstrike (dangerous; 1% risk of failure)
Press: ? - help, Dir - move target, f/p - white ugly thing
Aim: a white ugly thing (heavily wounded, empty space bonus: 4/8)
The air twists around and strikes the white ugly thing!
The white ugly thing is severely wounded.
Unknown command.
Casting: Airstrike (dangerous; 1% risk of failure)
Confirm with . or Enter, or press ? or * to list all spells.
Aiming: Airstrike (dangerous; 1% risk of failure)
Press: ? - help, Dir - move target, f/p - white ugly thing
Aim: a white ugly thing (severely wounded, empty space bonus: 3/8)
The air twists around and strikes the white ugly thing!
The white ugly thing is almost dead.
The white ugly thing kicks you! The white ugly thing freezes you!!
Ouch! That really hurt!
* * * LOW HITPOINT WARNING * * *
Casting: Airstrike (dangerous; 1% risk of failure)
Confirm with . or Enter, or press ? or * to list all spells.
Aiming: Airstrike (dangerous; 1% risk of failure)
Press: ? - help, Dir - move target, f/p - white ugly thing
Aim: a white ugly thing (severely wounded, empty space bonus: 3/8)
The air twists around and strikes the white ugly thing!
The white ugly thing is almost dead.
The white ugly thing kicks you!
* * * LOW HITPOINT WARNING * * *
The white ugly thing freezes you!
You die...

# #.# #... #.# #...
#.# #... #.#
#######.# ######.#
#.......#
#####)..##.#
#.##.....
......#.##.# #.
#.####
#.##..?##.######.##.#
#.....u@............#
#.##############.#..#
# #..# ## #..# #.
#..# #. #..# #.
.##########.<# #.
.............###.
.########.<...##.


You could see a white ugly thing.

Vanquished Creatures
  Pikel (D:7)
  Prince Ribbit (D:5)
  Sigmund (D:5)
  Eustachio (D:6)
  4 yaks
  2 water moccasins (D:7)
  An orc warrior (D:6)
  An ice beast (D:7)
  3 black bears
  2 sky beasts
  2 ogres (D:6)
  A phantom (D:7)
  4 lemures (D:7)
  A kobold brigand (D:7)
  2 bullfrogs (D:8)
  3 scorpions
  12 killer bees
  3 wights (D:5)
  2 howler monkeys (D:4)
  A centaur skeleton (D:6)
  A centaur zombie (D:8)
  4 orc priests
  2 hounds
  2 gnoll shamans
  Jessica (D:2)
  An iguana (D:6)
  2 scorpion zombies (D:5)
  3 orc wizards
  A howler monkey zombie (D:5)
  Robin (D:2)
  12 gnolls
  6 adders
  A shadow imp (D:6)
  A white imp (D:8)
  2 ufetubi (D:5)
  2 dart slugs
  3 orcs
  9 ball pythons
  3 endoplasms
  3 giant cockroaches
  14 goblins
  4 hobgoblins
  3 jackals (D:1)
  3 quokkas
  7 bats
  4 frilled lizards
  11 kobolds
  9 rats
163 creatures vanquished.

Vanquished Creatures (others)
  A sky beast (D:6)
1 creature vanquished.

Grand Total: 164 creatures vanquished

Notes
Turn   | Place    | Note
-------+----------+-------------------------------------------
     0 | D:1      | Zeld the Tengu Air Elementalist began the quest for the
                  | Orb.
     0 | D:1      | Reached XP level 1. HP: 10/10 MP: 4/4
   311 | D:1      | Reached XP level 2. HP: 15/15 MP: 3/6
  1011 | D:2      | Reached XP level 3. HP: 11/19 MP: 0/7
  1014 | D:2      | Learned a level 2 spell: Static Discharge
  1018 | D:2      | Learned a level 3 spell: Swiftness
  1213 | D:2      | Noticed Jessica
  1217 | D:2      | Killed Jessica
  1380 | D:2      | Found Qilyer's Antique Weapon Boutique.
  1397 | D:2      | Found Haicuz's Magic Scroll Boutique.
  1403 | D:2      | Reached XP level 4. HP: 24/24 MP: 6/8
  1464 | D:2      | Found a faded altar of an unknown god.
  1672 | D:2      | Noticed Robin
  1678 | D:2      | Killed Robin
  1685 | D:2      | Reached skill level 5 in Air Magic
  1892 | D:2      | Found Iprium's Weapon Emporium.
  2496 | D:3      | Found Huuk's General Store.
  3088 | D:3      | Gained mutation: Your magical nature lets you fly swiftly
                  | and evasively. [Tengu growth]
  3088 | D:3      | Reached XP level 5. HP: 28/28 MP: 10/10
  3130 | D:3      | Found Voaluumm's Antique Weapon Shoppe.
  3142 | D:3      | Learned a level 4 spell: Airstrike
  3275 | D:2      | Bought a scroll of identify for 28 gold pieces
  3275 | D:2      | Bought a scroll of identify for 28 gold pieces
  3387 | D:4      | Noticed a black bear
  4170 | D:4      | Found a bloodstained altar of Trog.
  4238 | D:4      | Killed a black bear
  4239 | D:4      | Reached XP level 6. HP: 26/32 MP: 3/13
  5173 | D:5      | Entered Level 5 of the Dungeon
  5316 | D:5      | Reached skill level 1 in Fighting
  5316 | D:5      | Reached XP level 7. HP: 33/38 MP: 9/14
  5689 | D:5      | Noticed Prince Ribbit
  5756 | D:5      | Reached skill level 6 in Air Magic
  5907 | D:5      | Killed Prince Ribbit
  5908 | D:5      | Reached skill level 5 in Spellcasting
  6020 | D:5      | Noticed Sigmund
  6240 | D:5      | Reached XP level 8. HP: 44/44 MP: 3/17
  6282 | D:6      | Reached skill level 5 in Conjurations
  6282 | D:6      | Reached skill level 7 in Air Magic
  6843 | D:5      | Killed Sigmund
  7434 | D:5      | Reached skill level 8 in Air Magic
  8065 | D:6      | Reached XP level 9. HP: 51/51 MP: 3/19
  8207 | D:6      | Identified the +8 whip of Joyful Slaughter {drain, rF+}
  8458 | D:6      | HP: 2/51 [poisoned by a killer bee]
  8786 | D:6      | You are sucked into a shaft and drop 1 floor!
  8787 | D:7      | Noticed Pikel
  9066 | D:7      | Reached skill level 9 in Air Magic
  9490 | D:6      | Noticed Eustachio
  9495 | D:6      | Killed Eustachio
 10508 | D:7      | Found a staircase to the Ecumenical Temple.
 10519 | Temple   | Entered the Ecumenical Temple
 10538 | Temple   | Became a worshipper of Vehumet
 10955 | D:7      | Reached skill level 10 in Air Magic
 11511 | D:7      | Killed Pikel
 11512 | D:7      | Reached skill level 1 in Evocations
 11512 | D:7      | Reached XP level 10. HP: 22/58 MP: 3/22
 12571 | D:3      | Bought an ichor-stained trident for 221 gold pieces
 12571 | D:3      | Identified the +5 trident of Chaos {freeze, rN+} (You
                  | bought it in a shop on level 3 of the Dungeon)
 12906 | D:8      | Reached skill level 5 in Fighting
 12912 | D:8      | Reached skill level 1 in Polearms
 12968 | D:7      | Reached skill level 11 in Air Magic
 13633 | D:8      | Noticed a white ugly thing
 13640 | D:8      | Mangled by a white ugly thing

Illustrated notes

Levels and vault maps discovered:
D:1:      lightli_arrival_maybe_door_vault, layout_basic
D:2:      layout_loops_ring, shapermc_ecumenical_altar_flowoftime, serial_shops,
          nicolae_shop_temple_entry_statues_fountains, nicolae_shop_stone,
          nicolae_shop_crystal, minmay_misc_feat_square, uniq_jessica,
          uniq_robin
D:3:      layout_basic, serial_shops, nicolae_shop_waterfront,
          nicolae_shop_hallway_plus, kennysheep_small_spiral,
          roderic_serpentine_path, minivault_27
D:4:      minmay_door_path, layout_loops_ring, trog_book, lightli_minifort
D:5:      layout_rooms, hex_medium, minivault_26, uniq_sigmund,
          uniq_prince_ribbit1
D:6:      layout_basic, lemuel_flamethrower_2, uniq_eustachio
D:7:      layout_basic, minmay_temple_entry_offerings, uniq_pikel
D:8:      layout_loops_ring, gammafunk_ghost_grave
Temple:   compressed_dpeg_triangle_lava_temple

Skill      XL: |  1  2  3  4  5  6  7  8  9 10 |
---------------+-------------------------------+-----
Conjurations   | 2 3 4 6 7 |  7.9
Air Magic      | 5 6 8 10 11 | 11.1
Spellcasting   | 3 4 5 6 7 8 |  8.2
Dodging        | 3 |  3.0
Stealth        | 3 |  3.0
Fighting       | 1 2 3 4 5 |  5.0
Evocations     | 1 2 |  2.5
Polearms       | 2 |  2.0

Action                   |  1- 3 |  4- 6 |  7- 9 | 10-12 || total
-------------------------+-------+-------+-------+-------++-------
Melee: Unarmed           |    11 |     1 |       |       ||    12
       Kick              |     6 |    24 |    23 |     3 ||    56
       Peck              |     2 |    11 |    17 |     2 ||    32
       Spear             |       |   118 |    82 |     5 ||   205
       Punch             |       |     1 |       |       ||     1
       Trident           |       |       |       |    13 ||    13
 Cast: Shock             |    60 |    18 |    17 |     8 ||   103
       Static Discharge  |       |     8 |       |       ||     8
       Airstrike         |       |     4 |   105 |    39 ||   148
Evoke: Wand              |       |       |     6 |     4 ||    10
  Use: Scroll            |       |     5 |     2 |     1 ||     8
 Stab: Sleeping          |       |     9 |       |     1 ||    10
       Distracted        |       |       |     1 |       ||     1
Armor: Robe              |     8 |    12 |     4 |     2 ||    26
Dodge: Dodged            |    28 |    63 |    98 |    22 ||   211
